 Dungeon Crawl Stone Soup version 0.27.1-1-g398f81649c (webtiles) character file.

Game seed: 6962541044853089539

149 Yaksher the Firebug (level 5, 0/28 HPs)
             Began as a Deep Elf Fire Elementalist on Sept 8, 2021.
             Was an Initiate of Hepliaklqana.
             Slain by a black bear (1 damage)
             ... on level 3 of the Dungeon on Sept 12, 2021.
             The game lasted 00:43:58 (4444 turns).

Yaksher the Firebug (Deep Elf Fire Elementalist)    Turns: 4444, Time: 00:43:58

Health: 0/28       AC:  4    Str:  5    XL:     5   Next: 9%
Magic:  12/13      EV: 13    Int: 21    God:    Hepliaklqana [......]
Gold:   166        SH:  0    Dex: 15    Spells: 5/12 levels left

rFire    . . .     SeeInvis .   F - staff of poison
rCold    . . .     Faith    .   (no shield)
rNeg     . . .     Spirit   .   a - +0 robe
rPois    +         Reflect  .   o - +0 helmet
rElec    .         Harm     .   w - +0 cloak
rCorr    .         Rampage  .   (no gloves)
Will     .....                  (no boots)
Stlth    ++........             v - amulet of magic regeneration
HPRegen  0.09/turn              (no ring)
MPRegen  0.38/turn              (no ring)

@: no status effects
A: no striking features
a: Renounce Religion


You were on level 3 of the Dungeon.
You worshipped Hepliaklqana.
Hepliaklqana was noncommittal.
You visited 1 branch of the dungeon, and saw 4 of its levels.

You collected 166 gold pieces.

Inventory:

Hand Weapons
 e - a +0 short sword
 g - a +0 club
 i - a +0 club
 l - a +0 dagger
 r - a +0 great mace
 s - a +0 dagger
 A - a +0 whip
 B - a +0 spear
 C - a +0 flail
 G - a +0 hunting sling
 H - a +0 flail
 I - a +0 rapier
Missiles
 c - 77 arrows
 m - 72 stones
 q - 31 bolts
 E - 6 boomerangs
Armour
 a - a +0 robe (worn)
 h - a +0 plate armour
 j - a +0 chain mail
 n - a +0 ring mail
 o - a +0 helmet (worn)
 u - a +0 kite shield
 w - a +0 cloak (worn)
 y - a +0 leather armour
Magical Staves
 F - a staff of poison (weapon)
Jewellery
 v - an amulet of magic regeneration (around neck)
Scrolls
 b - a scroll of noise {unknown}
 f - 2 scrolls of identify
 p - a scroll of acquirement {unknown}
 D - a scroll of teleportation {unknown}
Potions
 d - a potion of flight
 k - a potion of mutation {unknown}
 t - a potion of attraction {unknown}
 x - a potion of berserk rage {unknown}
 z - 2 potions of cancellation {unknown}
 J - a potion of invisibility {unknown}


   Skills:
 + Level 3.0 Dodging
 + Level 2.8 Stealth
 + Level 4.3 Spellcasting
 + Level 3.0 Conjurations
 + Level 4.4 Fire Magic


You had 5 spell levels left.
You knew the following spells:

 Your Spells              Type           Power      Damage    Failure   Level
a - Foxfire               Conj/Fire      80%        2x1d8     2%          1
b - Inner Flame           Hex/Fire       14%        N/A       14%         3
c - Conjure Flame         Conj/Fire      20%        6-21      8%          3

Your spell library contained the following spells:

 Spells                   Type           Power      Damage    Failure   Level
 Sticky Flame             Conj/Fire      20%        2d4       24%         4
 Fireball                 Conj/Fire      10%        3d6       56%         5


Dungeon Overview and Level Annotations

Branches:
Dungeon (4/15)
 Temple: D:4-7

Altars:
Hepliaklqana
Makhleb
Qazlal
Trog


Message History

Casting: Conjure Flame (quite dangerous; 8% risk of failure)
Confirm with . or Enter, or press ? or * to list all spells.
You conjure some foxfire!
The black bear closely misses you. x2
The black bear barely misses you.
The foxfire hits the black bear.
The black bear is lightly wounded.
The foxfire hits the black bear.
The black bear is moderately wounded.
Casting: Foxfire (safe; 2% risk of failure)
Confirm with . or Enter, or press ? or * to list all spells.
You conjure some foxfire!
The black bear closely misses you. The black bear claws you.
The black bear completely misses you.
Your foxfire dissipates!
The foxfire hits the black bear but does no damage.
The black bear is moderately wounded.
You hit the black bear but do no damage.
The black bear is moderately wounded.
The black bear bites you. The black bear claws you.
The black bear closely misses you. The black bear bites you.
* * * LOW HITPOINT WARNING * * *
The black bear claws you but does no damage. x2
The black bear bites you.
* * * LOW HITPOINT WARNING * * *
The black bear closely misses you. The black bear misses you.
Casting: Foxfire (safe; 2% risk of failure)
Confirm with . or Enter, or press ? or * to list all spells.
You conjure some foxfire!
The black bear bites you.
* * * LOW HITPOINT WARNING * * *
The black bear claws you but does no damage.
The black bear misses you.
The foxfire hits the black bear.
The black bear is moderately wounded.
The foxfire hits the black bear!
The black bear is heavily wounded.
Casting: Foxfire (safe; 2% risk of failure)
Confirm with . or Enter, or press ? or * to list all spells.
You conjure some foxfire!
The black bear bites you.
* * * LOW HITPOINT WARNING * * *
The black bear claws you.
You die...

#..........# ###.......#
#..........##########......#.###
#.....................#.#......#
#.....................#..<.....##
#########.#...........#...##.....
## #####.#...........#...####.##
P####.......>.........#........#
..P.###.........h....##......###
≈≈≈≈≈.####......@v...#######.#
PPPPP≈..P##......v...## #.#
P.###.≈.P.#...........# #.#
.##.###≈≈.#...........### #.####
####.####.#.............####.....
# #.# #_####......###...####### #
#.# #8# #..#..## ##...# ## #.#
### #....#.###.##.## .# #.#
#.##.##.#.###..#


You could see a black bear (ally target).

Vanquished Creatures
  A hound skeleton (D:4)
  4 adders
  3 gnolls (D:3)
  A dart slug (D:2)
  An orc (D:3)
  5 endoplasms
  5 giant cockroaches
  3 goblins (D:1)
  8 hobgoblins
  3 jackals (D:1)
  5 kobolds
  3 quokkas (D:1)
  6 ball pythons
  5 bats
  10 frilled lizards
  6 rats
69 creatures vanquished.

Vanquished Creatures (collateral kills)
  4 foxfires (D:3)
4 creatures vanquished.

Vanquished Creatures (others)
  229 foxfires
  2 fungi (D:3)
  4 plants (D:2)
235 creatures vanquished.

Grand Total: 308 creatures vanquished

Notes
Turn   | Place    | Note
-------+----------+-------------------------------------------
     0 | D:1      | Yaksher the Deep Elf Fire Elementalist began the quest for
                  | the Orb.
     0 | D:1      | Reached XP level 1. HP: 10/10 MP: 6/6
   664 | D:1      | Reached XP level 2. HP: 15/15 MP: 4/8
  1124 | D:1      | Reached XP level 3. HP: 19/19 MP: 2/9
  1697 | D:2      | Found a hazy altar of Hepliaklqana.
  1886 | D:2      | Learned a level 3 spell: Inner Flame
  2536 | D:2      | Learned a level 3 spell: Conjure Flame
  2978 | D:3      | Reached XP level 4. HP: 24/24 MP: 7/11
  3167 | D:3      | Found a stormy altar of Qazlal.
  3191 | D:3      | Found a faded altar of an unknown god.
  3448 | D:2      | Became a worshipper of Hepliaklqana the Forgotten
  4233 | D:4      | Found a burning altar of Makhleb.
  4336 | D:4      | Noticed a black bear
  4341 | D:4      | Found a bloodstained altar of Trog.
  4343 | D:4      | Noticed a black bear
  4344 | D:4      | Reached XP level 5. HP: 28/28 MP: 9/13
  4444 | D:3      | HP: 1/28 [black bear (4)]
  4444 | D:3      | Slain by a black bear

Illustrated notes

Levels and vault maps discovered:
D:1:      saegor_arrival_miasma, layout_rooms,
          amcnicky_mini_rare_corridor_liquid
D:2:      layout_loops_ring, basic_altar, minmay_shallow_snake_nest
D:3:      layout_basic, grunt_qazlal_clouds,
          shapermc_ecumenical_altar_hornbeckon, hex_intersection
D:4:      layout_loops_ring, doesnt_xom_only_xom, trog_ov_bears_minmay,
          mainiacjoe_overflow_small_starburst, gammafunk_temple_overflow_arena,
          minmay_temple_entry_glassed_door

Skill      XL: |  1  2  3  4 |
---------------+-------------+-----
Dodging        | 3 |  3.0
Fire Magic     | 4 |  4.4
Conjurations   | 2 3 |  3.0
Spellcasting   | 4 |  4.3
Stealth        | |  2.8

Action                   |  1- 3 |  4- 6 || total
-------------------------+-------+-------++-------
Melee: Great mace        |     4 |       ||     4
       Spear             |       |     5 ||     5
       Staff             |       |     3 ||     3
 Cast: Foxfire           |   100 |    55 ||   155
       Inner Flame       |     1 |     1 ||     2
       Conjure Flame     |     1 |     1 ||     2
  Use: Scroll            |     1 |       ||     1
Armor: Robe              |     1 |    10 ||    11
Dodge: Dodged            |     2 |    21 ||    23
